 Dungeon Crawl Stone Soup version 0.31-a0-549-gf98fd537a9 (webtiles) character file.

Game seed: 16517461270611192251

2749 AdnanSaban the Basher (level 9, 0/56 HPs)
             Began as a Gargoyle Fighter on Aug 16, 2023.
             Was an Initiate of Okawaru.
             Slain by a hornet (8 damage)
             ... on level 8 of the Dungeon.
             The game lasted 00:06:36 (6202 turns).

AdnanSaban the Basher (Gargoyle Fighter)            Turns: 6202, Time: 00:06:37

Health: 0/56       AC: 17    Str: 29    XL:     9   Next: 68%
Magic:  9/9        EV: 11    Int: 10    God:    Okawaru [......]
Gold:   330        SH:  5    Dex: 12    Spells: 8/8 levels left

rFire   + . .        a - +0 flail
rCold   . . .        c - +0 buckler
rNeg    + . .        b - +0 scale mail
rPois   ∞            w - +0 helmet
rElec   +            t - +0 cloak
rCorr   .            (no gloves)
SInv    .            (no boots)
Will    .....        (no amulet) Stlth
                     u - ring of Impatience {rPois rF+ Str+6 Dex+3}
HPRegen 0.29/turn    (no ring)
MPRegen 0.11/turn

%: no passive effects
@: no status effects
A: sickness immunity, AC +6, negative energy resistance 1, electricity
resistance, torment resistance 1, petrification resistance
a: Renounce Religion


You were on level 8 of the Dungeon.
You worshipped Okawaru.
Okawaru was noncommittal.
You visited 1 branch of the dungeon, and saw 8 of its levels.

You collected 330 gold pieces.

Inventory:

Hand Weapons
 a - a +0 flail (weapon)
Missiles
 x - 3 boomerangs
 A - 2 poisoned darts (quivered)
Armour
 b - a +0 scale mail (worn)
 c - a +0 buckler (worn)
 t - a +0 cloak (worn)
 w - a +0 helmet (worn)
Jewellery
 p - a ring of ice
 u - the ring of Impatience (left hand) {rPois rF+ Str+6 Dex+3}
   (You found it on level 4 of the Dungeon)

   [ring of strength]

   Str+6:     It affects your strength (+6).
   Dex+3:     It affects your dexterity (+3).
   rF+:       It protects you from fire.
   rPois:     It protects you from poison
Wands
 y - a wand of light (8)
Scrolls
 f - 6 scrolls of teleportation {unknown}
 i - a scroll of revelation {unknown}
 k - a scroll of vulnerability {unknown}
 m - a scroll of brand weapon {unknown}
 n - 4 scrolls of identify {unknown}
 q - 2 scrolls of noise {unknown}
 s - a scroll of torment {unknown}
 v - a scroll of acquirement {unknown}
 z - a scroll of poison {unknown}
 B - a scroll of fog {unknown}
Potions
 d - a potion of might
 e - 2 potions of magic {unknown}
 g - a potion of lignification {unknown}
 h - a potion of ambrosia {unknown}
 j - a potion of degeneration {unknown}
 l - a potion of resistance {unknown}
 o - 2 potions of attraction {unknown}
 r - 2 potions of enlightenment {unknown}


   Skills:
 + Level 6.7 Fighting
 + Level 8.4 Maces & Flails
 + Level 1.5 Throwing
 + Level 7.2 Armour
 + Level 3.0 Dodging
 + Level 1.2 Stealth
 + Level 5.4 Shields


You had 8 spell levels left.
You didn't know any spells.
Your spell library contained the following spells:

 Spells                   Type           Power      Damage    Failure   Level
 Apportation              Tloc           0%         N/A       65%         1
 Necrotise                Necr           0%         1d4       65%         1
 Vampiric Draining        Necr           0%         2d6       95%         3
 Agony                    Necr           0%         N/A       100%        5
 Alistair's Intoxication  Tmut/Pois      0%         N/A       100%        5
 Summon Small Mammal      Summ           Unusable   N/A       N/A         1

Dungeon Overview and Level Annotations

Branches:
Dungeon (8/15)             Temple (0/1) D:7
   Lair: D:8-11

Altars:
Okawaru
Yredelemnul

Annotations:
D:3 2 transporters
D:4 3 runed translucent doors, Seven7's ghost, novice MiFi


Innate Abilities, Weirdness & Mutations

You are immune to sickness and miasma.
Your stone body is resilient. (AC +6)
You are immune to poison.
You resist negative energy. (rN+)
You are resistant to electric shocks. (rElec)
You are resistant to unholy torment.
You are immune to petrification.


Message History

The bullfrog croaks.
There is a stone staircase leading up here.
You hit the hornet.
The hornet is lightly wounded.
The hornet stings you but does no damage.
The bullfrog hits you but does no damage.
The hornet closely misses you.
You hit the hornet.
The hornet is moderately wounded.
The bullfrog barely misses you.
The hornet stings you but does no damage.
The bullfrog hits you but does no damage.
You hit the hornet.
The hornet is moderately wounded.
You block the hornet's attack. The bullfrog misses you.
The hornet barely misses you.
You miss the hornet.
The hornet is moderately wounded.
The bullfrog hits you but does no damage.
The hornet closely misses you.
The bullfrog hits you but does no damage.
You thump the hornet!
The hornet is severely wounded.
The hornet closely misses you. You block the bullfrog's attack.
The hornet barely misses you.
You miss the hornet.
The hornet is severely wounded.
The bullfrog hits you but does no damage.
The hornet stings you but does no damage.
The bullfrog hits you but does no damage.
You closely miss the hornet.
The hornet is severely wounded.
The hornet stings you!
* * * LOW HITPOINT WARNING * * *
The bullfrog barely misses you. The hornet stings you.
* * * LOW HITPOINT WARNING * * *
You sock the hornet!
The hornet is almost dead.
You block the bullfrog's attack. The hornet stings you!
You die...

#..######
#....y@#
###...F#
#...#..#
#..# #.##
.. #. .
.. .# ..


You could see a hornet and a bullfrog.

Vanquished Creatures
  Pikel (D:6)
  Grinder (D:5)
  4 yaks (D:6)
  Eustachio (D:5)
  A steam dragon (D:5)
  3 sky beasts
  An ogre (D:7)
  A lemure (D:6)
  A phantom (D:4)
  3 scorpions
  3 hounds
  5 iguanas
  2 jellies (D:5)
  An orc priest (D:5)
  2 orc wizards (D:5)
  2 gnolls (D:6)
  12 adders
  A white imp (D:6)
  3 ufetubi
  A worm (D:3)
  3 dart slugs
  18 orcs
  15 ball pythons
  10 bats
  8 endoplasms
  3 giant cockroaches
  6 goblins
  13 hobgoblins
  4 kobolds
  4 quokkas
  2 frilled lizards
  3 rats (D:1)
138 creatures vanquished.

Notes
Turn   | Place    | Note
-------+----------+-------------------------------------------
     0 | D:1      | AdnanSaban the Gargoyle Fighter began the quest for the
                  | Orb.
     0 | D:1      | Reached XP level 1. HP: 14/14 MP: 1/1
   154 | D:1      | Reached XP level 2. HP: 7/19 MP: 2/2
   512 | D:1      | Reached XP level 3. HP: 23/23 MP: 3/3
  1006 | D:2      | Reached XP level 4. HP: 29/29 MP: 4/4
  1376 | D:2      | Found a basalt altar of Yredelemnul.
  1473 | D:3      | Reached skill level 3 in Maces & Flails
  1806 | D:3      | Reached XP level 5. HP: 33/33 MP: 5/5
  1880 | D:3      | Identified the +7 spear of the Protecting Blowfly {chaos,
                  | +Blink rC+}
  1917 | D:3      | Found a transporter.
  1923 | D:3      | Found a transporter.
  2244 | D:4      | Identified the ring of Impatience {rPois rF+ Str+6 Dex+3}
  2480 | D:4      | Reached skill level 4 in Maces & Flails
  2480 | D:4      | Reached skill level 1 in Dodging
  2480 | D:4      | Reached XP level 6. HP: 37/38 MP: 6/6
  2727 | D:4      | Found a runed translucent gate.
  2728 | D:4      | Found a runed translucent gate.
  2728 | D:4      | Found a runed translucent gate.
  2729 | D:4      | Noticed Seven7's ghost (novice MiFi)
  2901 | D:5      | Entered Level 5 of the Dungeon
  2950 | D:5      | Noticed Eustachio
  2961 | D:5      | Killed Eustachio
  2968 | D:5      | Reached XP level 7. HP: 43/43 MP: 7/7
  2975 | D:5      | Reached skill level 5 in Maces & Flails
  3250 | D:5      | Noticed a steam dragon
  3257 | D:5      | Killed a steam dragon
  3258 | D:5      | Reached skill level 5 in Armour
  3365 | D:5      | Reached skill level 6 in Maces & Flails
  3463 | D:5      | Reached XP level 8. HP: 26/48 MP: 8/8
  3728 | D:5      | Noticed Grinder
  3740 | D:5      | Paralysed by Grinder for 2 turns
  3755 | D:5      | Paralysed by Grinder for 5 turns
  3762 | D:5      | Killed Grinder
  3763 | D:5      | Reached skill level 5 in Fighting
  4574 | D:6      | Noticed Pikel
  4603 | D:6      | Killed Pikel
  4604 | D:6      | Reached skill level 7 in Maces & Flails
  4604 | D:6      | Reached skill level 1 in Throwing
  4604 | D:6      | Reached skill level 1 in Stealth
  4604 | D:6      | Reached skill level 5 in Shields
  4983 | D:6      | Reached XP level 9. HP: 47/55 MP: 9/9
  5479 | D:6      | Found an iron altar of Okawaru.
  5514 | D:6      | Reached skill level 8 in Maces & Flails
  5553 | D:6      | Became a worshipper of Warmaster Okawaru
  6117 | D:7      | Found a staircase to the Ecumenical Temple.
  6152 | D:7      | Noticed a boulder beetle
  6174 | D:7      | Noticed a hornet
  6202 | D:8      | Slain by a hornet

Illustrated notes

Levels and vault maps discovered:
D:1:      nicolae_arrival_washed_ashore, layout_basic, hex_large, st_stairs_2,
          serial_park_tiny_1
D:2:      layout_rooms, basic_altar
D:3:      layout_rooms, gammafunk_ghost_gnarly_gnolls
D:4:      layout_basic, gammafunk_ghost_nasty_kobolds
D:5:      layout_gridville, uniq_grinder, uniq_eustachio
D:6:      layout_loops_corners, okawaru_altar_gauntlet_db, lemuel_flame_loot_1,
          uniq_pikel
D:7:      layout_basic, mainiacjoe_overflow_brackets, minmay_temple_entry_arrows
D:8:      layout_basic, chequers_temple_overflow_statue_of_worship,
          tso_metal_star, corexii_checkpoint_a

Skill      XL: |  1  2  3  4  5  6  7  8  9 |
---------------+----------------------------+-----
Armour         | 4 5 6 7 |  7.2
Maces & Flails | 3 4 6 7 8 |  8.4
Shields        | 4 5 |  5.4
Dodging        | 1 2 3 |  3.0
Fighting       | 4 5 6 |  6.7
Throwing       | 1 |  1.5
Stealth        | 1 |  1.2

Action                     |  1- 3 |  4- 6 |  7- 9 || total
---------------------------+-------+-------+-------++-------
  Melee: Flail             |   106 |   208 |   260 ||   574
  Throw: Dart              |       |       |    16 ||    16
         Boomerang         |       |       |     5 ||     5
 Armour: Scale mail        |    54 |   137 |   144 ||   335
  Dodge: Dodged            |    55 |   128 |   141 ||   324
  Block: Buckler           |    30 |    51 |    50 ||   131

Table legend: (Time is in decaauts)
 A = Elapsed time spent in this place.
 B = Non-inter-level travel time spent in this place.
 C = Inter-level travel time spent in this place.
 D = Time resting spent in this place.
 E = Time spent auto-exploring this place.
 F = Levels seen in this place.
 G = Mean time per level.
                   A        B        C        D        E       F      G
               +--------+--------+--------+--------+--------+-----+--------+
         Total |   6313 |   5897 |    416 |     66 |   4593 |   8 |  789.1 |
       Dungeon |   6313 |   5897 |    416 |     66 |   4593 |   8 |  789.1 |
               +--------+--------+--------+--------+--------+-----+--------+

Top non-repeatable levels by time:
     D:5: 1478 daAuts
     D:6: 1470 daAuts
     D:4: 923 daAuts
     D:1: 881 daAuts
     D:2: 662 daAuts
     D:3: 530 daAuts
     D:7: 360 daAuts
     D:8: 7 daAuts
